 Dungeon Crawl Stone Soup version 0.31-a0-489-g282fc92437 (webtiles) character file.

Game seed: 7591378966181563276

20 EC1 the Poker (level 2, 0/22 HPs)
             Began as a Merfolk Gladiator on Aug 8, 2023.
             Slain by an adder (1 damage)
             ... on level 2 of the Dungeon.
             The game lasted 00:02:03 (502 turns).

EC1 the Poker (Merfolk Gladiator)                    Turns: 502, Time: 00:02:03

Health: 0/22       AC:  4    Str: 11 (14) XL:     2   Next: 79%
Magic:  2/2        EV: 13    Int:  6 (7)  God:
Gold:   36         SH:  0    Dex: 14 (15) Spells: 1/1 levels left

rFire   . . .        a - +0 trident (flame)
rCold   . . .        (no shield)
rNeg    . . .        b - +0 leather armour
rPois   .            c - +0 helmet
rElec   .            (no cloak)
rCorr   .            (no gloves)
SInv    .            (no boots)
Will    .....        (no amulet)
Stlth   +            (no ring)
HPRegen 0.23/turn    (no ring)
MPRegen 0.08/turn

%: no passive effects
@: lethally poisoned (0 -> -2)
A: (nimble swimmer 2), mertail
a: no special abilities


You were on level 2 of the Dungeon.
You visited 1 branch of the dungeon, and saw 2 of its levels.

You collected 36 gold pieces.

Inventory:

Hand Weapons
 a - a +0 trident of flaming (weapon)
Missiles
 d - 3 throwing nets
 e - a javelin (quivered)
Armour
 b - a +0 leather armour (worn)
 c - a +0 helmet (worn)
Scrolls
 h - a scroll of teleportation {unknown}
 i - a scroll of fear {unknown}


   Skills:
 + Level 2.1 Fighting
 + Level 4.7 Polearms
 + Level 2.1 Throwing
 + Level 4.5 Dodging


You had one spell level left.
You didn't know any spells.
Your spell library contained the following spells:

 Spells                   Type           Power      Damage    Failure   Level
 Vhi's Electric Charge    Tloc/Air       0%         N/A       89%         3
 Arcjolt                  Conj/Air       0%         1d10      100%        5
 Plasma Beam              Fire/Air       0%         2x1d10    100%        6


Dungeon Overview and Level Annotations

Branches:
Dungeon (2/15)

Altars:

Shops:
D:1 ((


Innate Abilities, Weirdness & Mutations

((You are very nimble when in or above water. (Stealth+, EV+, Speed+++)))
Your lower body shifts to a powerful aquatic tail in water.


Message History

You are no longer poisoned.
The adder barely misses you. The adder closely misses you.
You hit the adder.
The adder is severely wounded.
The adder bites you.
* * * LOW HITPOINT WARNING * * *
You barely miss the adder.
The adder is severely wounded.
The adder closely misses you.
You miss the adder.
The adder is severely wounded.
The adder misses you. The adder closely misses you.
You closely miss the adder.
The adder is severely wounded.
The adder bites you.
* * * LOW HITPOINT WARNING * * *
You closely miss the adder.
The adder is severely wounded.
The adder bites you.
* * * LOW HITPOINT WARNING * * *
You are lethally poisoned!
The adder poisons you! The adder bites you but does no damage.
You hit the adder.
The adder is severely wounded.
* * * LOW HITPOINT WARNING * * *
You feel sick. The adder barely misses you.
* * * LOW HITPOINT WARNING * * *
You feel sick.
You aren't carrying any potions.
As you read the scroll labelled LUPUEL YGEIFF, it crumbles to dust.
It is a scroll of brand weapon.
Your +0 trident is engulfed in flames!
a - a +0 trident of flaming (weapon)
* * * LOW HITPOINT WARNING * * *
You feel sick. The adder bites you but does no damage. The adder misses you.
You miss the adder.
The adder is severely wounded.
* * * LOW HITPOINT WARNING * * *
You feel sick. The adder bites you.
You die...

.......[.............
#################...........
##.....###########...).......
.......#.............########
#.....<#.###########.#
#......#.# #^..# #.##.#...#
#.### #. #.#.### ######.# #.
..#.. #..S@..# #.#.#####
#.###### #.#. # #.#. ..##


You could see an adder.

Vanquished Creatures
  A dart slug (D:1)
  5 endoplasms
  A giant cockroach (D:1)
  A goblin (D:1)
  4 quokkas
  2 kobolds
  A rat (D:1)
15 creatures vanquished.

Notes
Turn   | Place    | Note
-------+----------+-------------------------------------------
     0 | D:1      | EC1 the Merfolk Gladiator began the quest for the Orb.
     0 | D:1      | Reached XP level 1. HP: 16/16 MP: 1/1
   143 | D:1      | Found Atuas's Antique Weapon Shop.
   197 | D:1      | Found Ankaax's Antique Weapon Emporium.
   216 | D:1      | Reached XP level 2. HP: 22/22 MP: 2/2
   502 | D:2      | HP: 1/22 [poisoned by an adder]
   502 | D:2      | Slain by an adder

Illustrated notes

Levels and vault maps discovered:
D:1:      minmay_arrival_shoal_huts, layout_rooms, serial_shops, shop, shop
D:2:      layout_basic, serial_shops, shop, shop, nicolae_shop_window_shopping,
          uniq_sigmund, uniq_jessica

Action                     || total
---------------------------++-------
  Melee: Trident           ||    57
         Tailslap          ||     1
    Use: Potion            ||     3
         Scroll            ||     1
   Stab: Sleeping          ||     1
 Armour: Leather armour    ||     8
  Dodge: Dodged            ||    25

Table legend: (Time is in decaauts)
 A = Elapsed time spent in this place.
 B = Non-inter-level travel time spent in this place.
 C = Inter-level travel time spent in this place.
 D = Time resting spent in this place.
 E = Time spent auto-exploring this place.
 F = Levels seen in this place.
 G = Mean time per level.
                   A        B        C        D        E       F      G
               +--------+--------+--------+--------+--------+-----+--------+
         Total |    441 |    441 |      0 |      0 |     73 |   2 |  220.5 |
       Dungeon |    441 |    441 |      0 |      0 |     73 |   2 |  220.5 |
               +--------+--------+--------+--------+--------+-----+--------+

Top non-repeatable levels by time:
     D:1: 366 daAuts
     D:2: 75 daAuts
